 Dungeon Crawl Stone Soup version 0.27-a0-1308-gc08437e49b (webtiles) character file.

Game seed: 18238576359953807270

4 sanka the Magician (level 1, 0/15 HPs)
             Began as a Djinni Summoner on June 18, 2021.
             Slain by a goblin (3 damage)
             ... on level 1 of the Dungeon.
             The game lasted 00:00:33 (387 turns).

sanka the Magician (Djinni Summoner)                 Turns: 387, Time: 00:00:33

Health: 0/15       AC:  2    Str:  7    XL:     1   Next: 77%
Gold:   6          EV: 12    Int: 16    God:
                   SH:  0    Dex: 13

rFire    + + .     SeeInvis .   c - +0 trident
rCold    x . .     Faith    .   (no shield)
rNeg     . . .     Spirit   .   a - +0 robe
rPois    ∞         Reflect  .   (no helmet)
rElec    .         Harm     .   (no cloak)
rCorr    .         Rampage  .   (no gloves)
Will     .....                  (boots unavailable)
Stlth    ++........             (no amulet)
HPRegen  0.05/turn              (no ring)
MPRegen  0.00/turn              (no ring)

@: flying
A: sickness immunity, fire resistance 2, cold vulnerability 1, float, innate
caster, hp casting, extra vitality 1
a: no special abilities


You were on level 1 of the Dungeon.
You visited 1 branch of the dungeon, and saw 1 of its levels.

You collected 6 gold pieces.


Innate Abilities, Weirdness & Mutations

You are immune to sickness and miasma.
You are immune to poison.
Your flesh is very heat resistant. (rF++)
You are vulnerable to cold. (rC-)
You float through the air rather than walking.
You learn spells naturally, not from books.
Your magical power is your life essence.
You have superior vitality. (+4 HP)


   Skills:
 - Level 2.1 Dodging
 - Level 1.5 Stealth
 + Level 3.4 Spellcasting


You couldn't memorise any spells.
You knew the following spells:

 Your Spells              Type           Power      Damage    Failure   Level
c - Call Canine Familiar  Summ           13%        N/A       13%         3
v - Summon Ice Beast      Ice/Summ       13%        N/A       38%         4
x - Call Imp              Summ           13%        N/A       6%          2
z - Summon Small Mammal   Summ           52%        N/A       4%          1
X - Summon Lightning Spi  Summ/Air       13%        N/A       38%         4
Z - Summon Guardian Gole  Hex/Summ       13%        N/A       13%         3
Your spell library was empty.

Inventory:

Hand Weapons
 c - a +0 trident (weapon)
Armour
 a - a +0 robe (worn)
Scrolls
 e - a scroll of identify {unknown}
Potions
 b - 2 potions of cancellation {unknown}
 d - 2 potions of mutation {unknown}

Dungeon Overview and Level Annotations

Branches:
Dungeon (1/15)

Altars:

▒▒▒▒▒+▒▒▒
▒...grb.+
▒...▒R..▒
▒.B.▒...▒
▒...▒...▒▒
▒...▒▒...▒
▒.. ....
▒...▒▒ ▒..
g....
▒▒...▒ ▒..
..r...
▒...▒▒ ▒..
▒▒...▒▒
▒..
▒▒...▒▒
▒..


You could see a goblin (ally target), a friendly bat (summoned) and a friendly
rat (summoned).


Message History

Unknown command.
Unknown command.
You hit the hobgoblin but do no damage.
Your rat closely misses the hobgoblin.
The hobgoblin closely misses you.
You hit the hobgoblin.
The hobgoblin is severely wounded.
Your rat bites the hobgoblin.
The hobgoblin closely misses you.
You hit the hobgoblin.
You kill the hobgoblin!
You hit the giant cockroach.
The giant cockroach is severely wounded.
The giant cockroach bites you but does no damage.
Your rat barely misses the giant cockroach.
The giant cockroach closely misses you.
Your rat bites the giant cockroach.
You hit the giant cockroach.
You kill the giant cockroach!
You closely miss the goblin. The goblin hits you with a +0 dagger.
* * * LOW HITPOINT WARNING * * *
Your rat bites the goblin.
You hit the goblin.
The goblin is severely wounded.
The goblin hits you with a +0 dagger.
* * * LOW HITPOINT WARNING * * *
Your rat closely misses the goblin.
The goblin hits you with a +0 dagger.
You die...

Action                   || total
-------------------------++-------
Melee: Trident           ||    14
 Cast: Summon Small Mamm ||     6
Armor: Robe              ||     2
Dodge: Dodged            ||     9

Levels and vault maps discovered:
D:1:      scummos_arrival_forest, layout_basic, eino_curves_01

Notes
Turn   | Place    | Note
-------+----------+-------------------------------------------
     0 | D:1      | sanka the Djinni Summoner began the quest for the Orb.
     0 | D:1      | Reached XP level 1. HP: 15/15 MP: 0/0
   387 | D:1      | Slain by a goblin

Vanquished Creatures
  A giant cockroach (D:1)
  A hobgoblin (D:1)
  A frilled lizard (D:1)
3 creatures vanquished.

Vanquished Creatures (collateral kills)
  An endoplasm (D:1)
  A goblin (D:1)
2 creatures vanquished.

Grand Total: 5 creatures vanquished
